 Dungeon Crawl Stone Soup version 0.19.5 (webtiles) character file.

8938 JeffiDaFish the Basher (level 11, 0/61 HPs)
             Began as a Gargoyle Fighter on Sept 11, 2017.
             Was a High Priest of Okawaru.
             Slain by a blink frog (6 damage)
             ... on level 2 of the Lair of Beasts on Sept 12, 2017.
             The game lasted 00:30:54 (9846 turns).

JeffiDaFish the Basher (Gargoyle Fighter)           Turns: 9846, Time: 00:30:55

Health: 0/61       AC: 29    Str: 19    XL:     11   Next: 38%
Magic:  0/11       EV:  6    Int: 10    God:    Okawaru [*****.]
Gold:   373        SH: 12    Dex: 12    Spells: 0 memorised, 10 levels left

rFire  . . .     SeeInvis .     a - +5 flail
rCold  . . .     Gourm    .     B - +0 plate armour
rNeg   + . .     Faith    .     c - +0 shield
rPois  ∞         Spirit   +     i - +2 helmet
rElec  +         Reflect  .     n - +2 cloak
rCorr  .         Harm     .     h - +0 pair of gloves
MR     .....                    (no boots)
Stlth  ..........               j - amulet of guardian spirit
                                (no ring)
                                p - ring of flight

@: no status effects
A: frail 1, negative energy resistance 1, electricity resistance, unbreathing,
petrification resistance, rot immunity, AC +7
a: Heroism, Finesse, Renounce Religion, Evoke Flight


You were on level 2 of the Lair of Beasts.
You worshipped Okawaru.
Okawaru was extremely pleased with you.
You were not hungry.

You visited 2 branches of the dungeon, and saw 11 of its levels.
You also visited: Sewer.

You collected 373 gold pieces.

Inventory:

Hand Weapons
 a - a +5 flail (weapon)
Armour
 c - a +0 shield (worn)
 h - a +0 pair of gloves (worn)
 i - a +2 helmet (worn)
 n - a +2 cloak (worn)
 B - a +0 plate armour (worn)
Jewellery
 j - an amulet of guardian spirit (around neck)
 p - a ring of flight (left hand)
Wands
 y - a wand of hasting (4/9)
Scrolls
 d - a scroll of holy word
 k - 8 scrolls of teleportation
 l - 6 scrolls of remove curse
 m - 10 scrolls of identify
 s - a scroll of amnesia
 t - a scroll of fear
 u - 2 scrolls of recharging
 w - 3 scrolls of magic mapping
 D - a scroll of blinking
Potions
 b - a potion of cancellation
 e - 2 potions of curing
 x - 2 potions of haste
 z - a potion of brilliance
 C - 3 potions of flight
Books
 r - the Compendium of the Doomed Voyage
   (You found it on level 4 of the Dungeon)

   Spells                             Type                      Level
   a - Pain                           Necromancy                   1
   b - Regeneration                   Charms/Necromancy            3
   c - Vampiric Draining              Necromancy                   3
   d - Portal Projectile              Translocation                3
Comestibles
 f - 8 bread rations
 g - 6 fruits
 o - 3 slices of pizza
 q - 8 meat rations
 v - 2 beef jerkies


   Skills:
 + Level 7.8 Fighting
 + Level 11.0 Maces & Flails
 + Level 7.8 Armour
 + Level 3.5 Dodging
 + Level 1.0 Stealth
 + Level 10.3 Shields
 + Level 0.2 Invocations


You had 10 spell levels left.
You didn't know any spells.

Dungeon Overview and Level Annotations

Branches:
Dungeon (9/15)             Temple (0/1) D:6            Lair (2/6) D:8
    Orc (0/2) D:9
  Swamp: Lair:2-4    Shoals: Lair:2-4     Snake: Lair:2-4    Spider: Lair:2-4

Altars:
Cheibriados
Dithmenos
Elyvilon
Fedhas
Hepliaklqana
Kikubaaqudgha
Makhleb
Okawaru
Qazlal
Sif Muna
Vehumet
Yredelemnul
Zin

Shops:
D:8 (


Innate Abilities, Weirdness & Mutations

You are resistant to torment.
Your stone body is resilient. (AC +7)
You are immune to poison.
You resist negative energy. (rN+)
You are resistant to electric shocks. (rElec)
You can survive without breathing.
You are immune to petrification.
You are immune to rotting.
You are frail. (-10% HP)


Message History

The blink frog is heavily wounded.
The blink frog barely misses you.
The blink frog blinks!
You miss the blink frog.
The blink frog is heavily wounded.
The blink frog hits you but does no damage.
The blink frog blinks!
You hit the blink frog.
The blink frog is severely wounded.
You block the blink frog's attack.
The blink frog blinks!
You sock the blink frog!
You kill the blink frog!
Okawaru accepts your kill.
You sock the blink frog!
The blink frog is moderately wounded.
The blink frog hits you but does no damage.
The blink frog blinks!
You block the blink frog's attack.
You thump the blink frog!
The blink frog is severely wounded.
The blink frog blinks!
The blink frog hits you!
You die...

##.........
##..........
###...........
#......#......
###.............
#...............
###....P....§.....
#P#F..%P%%§....#..
#@FF§%[........#
###............#
#....%%F.....##
.......[......##
..P.....b.......#
................#..
...................
..................
...............


You could see 4 blink frogs.

Vanquished Creatures
  The ghost of FangTR18 the Protected, a novice GrFi of Okawaru (D:6)
  2 spiny frogs (Lair:2)
  The ghost of cheese the Slasher, a novice HEFi of Cheibriados (D:5)
  4 komodo dragons
  A polar bear (Lair:2)
  A hornet (D:9)
  A merfolk (D:9)
  9 blink frogs
  A hippogriff (Lair:1)
  Sigmund (D:4)
  A basilisk (Lair:1)
  A wyvern (Lair:1)
  A steam dragon (D:8)
  A hungry ghost (D:9)
  Menkaure (D:5)
  2 hell hounds (D:8)
  3 porcupines
  A water moccasin (Lair:1)
  An ice beast (D:9)
  2 orc warriors (D:9)
  A sky beast (D:6)
  Purgy (Sewer)
  2 ogres
  A phantom (D:7)
  A necrophage (D:7)
  2 centaurs
  A crocodile (Lair:1)
  A big kobold (D:7)
  8 bullfrogs
  2 scorpions
  3 wights (D:9)
  A centaur zombie (D:6)
  3 crimson imps
  7 hounds
  A jelly (D:9)
  An orc priest (D:9)
  A bullfrog skeleton (D:8)
  An iguana (D:9)
  3 worker ants
  A hound skeleton (D:7)
  A worker ant zombie (D:7)
  Robin (D:2)
  A howler monkey skeleton (D:5)
  7 gnolls
  12 adders
  2 river rats (D:6)
  2 shadow imps
  An ooze (D:2)
  2 adder skeletons
  A worm (D:2)
  2 dart slugs
  4 leopard geckos
  43 orcs
  3 ball pythons
  7 bats
  6 giant cockroaches
  9 goblins
  17 hobgoblins
  3 jackals (D:3)
  4 kobolds
  2 quokkas
  A ball python zombie (D:6)
  10 frilled lizards
  A jackal zombie (D:8)
  A leopard gecko zombie (D:5)
  A quokka skeleton (D:6)
  15 rats
237 creatures vanquished.

Vanquished Creatures (others)
  A plant (Lair:1)
1 creature vanquished.

Grand Total: 238 creatures vanquished

Notes
Turn   | Place    | Note
-------+----------+-------------------------------------------
     0 | D:1      | JeffiDaFish the Gargoyle Fighter began the quest for the Orb.
     0 | D:1      | Reached XP level 1. HP: 14/14 MP: 1/1
   310 | D:1      | Reached XP level 2. HP: 19/19 MP: 2/2
   747 | D:1      | Reached XP level 3. HP: 12/23 MP: 3/3
   951 | D:2      | Noticed Robin
  1004 | D:2      | Killed Robin
  1047 | D:2      | Reached XP level 4. HP: 14/28 MP: 4/4
  1330 | D:2      | Gained mutation: Your spells are a little easier to cast, but a little less powerful. [potion of mutation]
  1330 | D:2      | Gained mutation: You are frail. (-10% HP) [potion of mutation]
  1330 | D:2      | Gained mutation: You are resistant to hostile enchantments. (MR+) [potion of mutation]
  1408 | D:2      | Found a snail-covered altar of Cheibriados.
  1803 | D:2      | Found an iron altar of Okawaru.
  1842 | D:2      | Became a worshipper of Warmaster Okawaru
  2251 | D:3      | Reached XP level 5. HP: 29/29 MP: 5/5
  2470 | D:3      | Reached skill level 3 in Maces & Flails
  2840 | D:3      | Found a blossoming altar of Fedhas.
  3057 | D:4      | Reached XP level 6. HP: 33/34 MP: 4/6
  3171 | D:4      | Reached skill level 5 in Shields
  3376 | D:4      | Identified the Compendium of the Doomed Voyage
  3411 | D:4      | Found a stormy altar of Qazlal.
  3419 | D:4      | Found a blossoming altar of Fedhas.
  3549 | D:4      | Noticed Sigmund
  3562 | D:4      | Killed Sigmund
  3562 | D:4      | Reached * piety under Okawaru
  3562 | D:4      | Reached skill level 4 in Maces & Flails
  3562 | D:4      | Reached skill level 1 in Dodging
  3562 | D:4      | Reached XP level 7. HP: 38/38 MP: 7/7
  3696 | D:5      | Entered Level 5 of the Dungeon
  3700 | D:5      | Noticed cheese's ghost (novice HEFi)
  3718 | D:5      | Killed cheese's ghost
  3718 | D:5      | Reached skill level 5 in Maces & Flails
  3718 | D:5      | Reached skill level 5 in Armour
  3950 | D:5      | Noticed Menkaure
  3959 | D:5      | Killed Menkaure
  3975 | D:5      | Reached skill level 6 in Maces & Flails
  3975 | D:5      | Reached XP level 8. HP: 41/43 MP: 8/8
  4212 | D:5      | Reached ** piety under Okawaru
  4521 | D:5      | Found a stormy altar of Qazlal.
  4522 | D:5      | Noticed a water elemental
  4522 | D:5      | Noticed an air elemental
  4647 | D:5      | Found a glowing silver altar of Zin.
  4744 | D:6      | Noticed FangTR18's ghost (novice GrFi)
  4768 | D:6      | Killed FangTR18's ghost
  4768 | D:6      | Reached skill level 5 in Fighting
  4768 | D:6      | Reached skill level 7 in Maces & Flails
  4899 | D:6      | Found a staircase to the Ecumenical Temple.
  4934 | D:6      | Reached XP level 9. HP: 43/48 MP: 9/9
  5129 | D:6      | Found an ancient bone altar of Kikubaaqudgha.
  5334 | D:6      | Found a glowing drain.
  5346 | Sewer    | Entered a sewer
  5422 | Sewer    | Noticed Purgy
  5428 | Sewer    | Killed Purgy
  5854 | D:7      | Reached skill level 8 in Maces & Flails
  5873 | D:7      | Found a shadowy altar of Dithmenos.
  6061 | D:7      | Found a burning altar of Makhleb.
  6148 | D:7      | Found a faded altar of an unknown god.
  6148 | D:7      | Found a white marble altar of Elyvilon.
  6153 | D:7      | Found a faded altar of an unknown god.
  6155 | D:7      | Found a faded altar of an unknown god.
  6156 | D:7      | Found a faded altar of an unknown god.
  6248 | D:8      | Found a staircase to the Lair.
  6301 | D:8      | Found Kymikexu's Antique Weapon Shop.
  7131 | D:9      | Noticed a hornet
  7138 | D:9      | Killed a hornet
  7138 | D:9      | Reached *** piety under Okawaru
  7200 | D:9      | Reached skill level 9 in Maces & Flails
  7230 | D:9      | Found a staircase to the Orcish Mines.
  7316 | D:9      | Reached XP level 10. HP: 52/54 MP: 10/10
  7994 | D:9      | Found a hazy altar of Hepliaklqana.
  7995 | D:9      | Found a radiant altar of Vehumet.
  7998 | D:9      | Found a deep blue altar of Sif Muna.
  8001 | D:9      | Found a basalt altar of Yredelemnul.
  8090 | D:9      | Reached skill level 1 in Stealth
  8302 | Lair:1   | Entered Level 1 of the Lair of Beasts
  8357 | Lair:1   | Reached **** piety under Okawaru
  8395 | Lair:1   | Reached skill level 10 in Maces & Flails
  8983 | Lair:1   | Reached ***** piety under Okawaru
  8983 | Lair:1   | Reached XP level 11. HP: 33/60 MP: 5/11
  9181 | Lair:1   | Lost mutation: Your spells are a little easier to cast, but a little less powerful. [potion of cure mutation]
  9181 | Lair:1   | Lost mutation: You are resistant to hostile enchantments. (MR+) [potion of cure mutation]
  9340 | Lair:2   | Reached skill level 10 in Shields
  9645 | Lair:2   | Reached skill level 11 in Maces & Flails
  9846 | Lair:2   | Slain by a blink frog

Skill      XL: |  1  2  3  4  5  6  7  8  9 10 11 |
---------------+----------------------------------+-----
Shields        | 4 5 6 7 9 10 | 10.3
Armour         | 4 5 6 7 |  7.8
Maces & Flails | 3 4 6 7 9 10 11 | 11.0
Fighting       | 4 5 6 7 |  7.8
Dodging        | 1 2 3 |  3.5
Stealth        | 1 |  1.0
Invocations    | |  0.2

Action                   |  1- 3 |  4- 6 |  7- 9 | 10-12 || total
-------------------------+-------+-------+-------+-------++-------
Melee: Flail             |   124 |   165 |   457 |   352 ||  1098
Invok: Heroism           |       |       |     2 |       ||     2
  Use: Potion            |     2 |     7 |     5 |     4 ||    18
       Scroll            |     4 |     5 |    10 |     3 ||    22
  Eat: Chunk             |     1 |     8 |     9 |    10 ||    28
       Bread ration      |       |       |     1 |       ||     1
Armor: Scale mail        |    86 |    97 |   219 |       ||   402
       Plate armour      |       |       |       |   217 ||   217
Dodge: Dodged            |    37 |    52 |   138 |    85 ||   312
Block: Shield            |    71 |   101 |   233 |   209 ||   614
